 Dungeon Crawl Stone Soup version 0.18-a0-1589-g520a787 (webtiles) character file.

4594 Oddball22 the Covert (level 10, 0/70 HPs)
             Began as a Vampire Necromancer on Mar 19, 2016.
             Was a Follower of Kikubaaqudgha.
             Slain by an orc warrior
             ... wielding a +0 hand axe of flaming
              (3 damage)
             ... on level 10 of the Dungeon.
             The game lasted 00:39:02 (14925 turns).

Oddball22 the Covert (Vampire Necromancer)         Turns: 14925, Time: 00:39:03

Health: 0/70       AC:  5    Str: 10 (12) XL:     10   Next: 19%
Magic:  0/20       EV: 17    Int: 18 (19) God:    Kikubaaqudgha [*.....]
Gold:   537        SH:  0    Dex: 16 (19) Spells: 7 memorised, 4 levels left

rFire  . . .     SeeInvis +     L - +1 dagger (drain)
rCold  . . .     Gourm    .     a - +0 robe
rNeg   + . .     Faith    .     (no shield)
rPois  .         Spirit   +     (no helmet)
rElec  .         Dismiss  .     (no cloak)
rCorr  .         Reflect  .     w - +0 pair of gloves
SustAt .         Harm     .     x - +1 pair of boots
MR     +....                    l - amulet of guardian spirit
Stlth  +++++++...               I - ring of stealth
                                n - +2 ring of dexterity

@: mighty, somewhat resistant to hostile enchantments, extremely stealthy
A: fangs 3, see invisible, unbreathing
a: Bat Form, Receive Corpses, Renounce Religion


You were on level 10 of the Dungeon.
You worshipped Kikubaaqudgha.
Kikubaaqudgha was aware of your devotion.
You were not thirsty.

You visited 1 branch of the dungeon, and saw 10 of its levels.

You collected 537 gold pieces.

Inventory:

Hand Weapons
 p - a +1 dagger of freezing
 L - a +1 dagger of draining (weapon)
 M - a +0 flail of protection
Armour
 a - a +0 robe (worn)
 w - a +0 pair of gloves (worn)
 x - a +1 pair of boots (worn)
Jewellery
 l - an amulet of guardian spirit (around neck)
 n - a +2 ring of dexterity (left hand)
 q - an uncursed ring of protection from cold
 I - a ring of stealth (right hand)
Wands
 E - a wand of digging (20/24)
 F - a wand of random effects (27/48)
 K - a wand of disintegration (8/24)
 P - a wand of polymorph (13/24)
 Q - a wand of enslavement (11/24)
 U - a wand of confusion (15/48)
 W - a wand of random effects (26/48)
Scrolls
 d - 4 scrolls of blinking {unknown}
 e - 4 scrolls of enchant weapon {unknown}
 f - 10 scrolls of identify
 g - 6 scrolls of remove curse {unknown}
 j - a scroll of fear {unknown}
 r - 3 scrolls of random uselessness {unknown}
 y - a scroll of fog {unknown}
 B - 2 scrolls of noise {unknown}
 G - a scroll of recharging {unknown}
 H - 3 scrolls of amnesia {unknown}
 O - a scroll of teleportation {unknown}
 S - a scroll of vulnerability {unknown}
 T - 2 scrolls of enchant armour {unknown}
Potions
 c - 18 potions of blood
 h - 4 potions of might
 i - 2 potions of cancellation {unknown}
 k - 3 potions of curing {unknown}
 m - a potion of flight {unknown}
 o - a potion of resistance {unknown}
 s - a potion of ambrosia {unknown}
 t - 2 potions of cure mutation {unknown}
 u - 3 potions of haste
 z - 2 potions of mutation {unknown}
 A - 2 potions of lignification
 D - 2 potions of degeneration
 J - a potion of agility {unknown}
 R - a potion of heal wounds {unknown}
 V - a potion of brilliance {unknown}
Books
 b - a book of Necromancy

   Spells                             Type                      Level
   a - Pain                           Necromancy                   1
   b - Animate Skeleton               Necromancy                   1
   c - Vampiric Draining              Necromancy                   3
   d - Regeneration                   Charms/Necromancy            3
   e - Animate Dead                   Necromancy                   4
   f - Control Undead                 Necromancy                   4
 v - a book of Hinderance

   Spells                             Type                      Level
   a - Confusing Touch                Hexes                        2
   b - Confuse                        Hexes                        3
   c - Gell's Gravitas                Hexes/Translocation          3
   d - Petrify                        Transmutation/Earth          4
   e - Metabolic Englaciation         Hexes/Ice                    5
   f - Yara's Violent Unravelling     Hexes/Transmutation          5
 C - Sif Muna's Collected Works on Frigorific Attacks
   (You found it on level 4 of the Dungeon)

   Spells                             Type                      Level
   a - Magic Dart                     Conjuration                  1
   b - Throw Frost                    Conjuration/Ice              2
   c - Ozocubu's Armour               Charms/Ice                   3
   d - Static Discharge               Conjuration/Air              3
   e - Force Lance                    Conjuration/Translocation    4
   f - Bolt of Cold                   Conjuration/Ice              6
 N - Kikubaaqudgha's Papyrus of Unholy Magic
   (Kikubaaqudgha gifted it to you on level 7 of the Dungeon)

   Spells                             Type                      Level
   a - Pain                           Necromancy                   1
   b - Corpse Rot                     Necromancy                   2
   c - Sublimation of Blood           Necromancy                   2
   d - Regeneration                   Charms/Necromancy            3
   e - Control Undead                 Necromancy                   4


   Skills:
 - Level 3.5 Fighting
 - Level 7.2 Dodging
 + Level 11.9 Stealth
 + Level 7.1 Spellcasting
 - Level 5.4 Hexes
 - Level 8.0 Necromancy


You had 4 spell levels left.
You knew the following spells:

 Your Spells              Type           Power        Failure   Level  Hunger
a - Pain                  Necr           ####         1%          1    None
b - Animate Skeleton      Necr           N/A          1%          1    None
c - Vampiric Draining     Necr           #####.....   1%          3    ##.....
d - Regeneration          Chrm/Necr      ###.......   10%         3    ##.....
e - Animate Dead          Necr           N/A          4%          4    ####...
f - Control Undead        Necr           #####.....   4%          4    ####...
g - Confuse               Hex            ####....     3%          3    ##.....


Dungeon Overview and Level Annotations

Branches:
Dungeon (10/15)            Temple (0/1) D:5
   Lair: D:8-11         Orc: D:9-12

Altars:
Ashenzari
Dithmenos
Kikubaaqudgha
Makhleb
Okawaru
Xom
The Shining One

Shops:
D:6 (


Innate Abilities, Weirdness & Mutations

You have razor-sharp teeth.
You have supernaturally acute eyesight.
You can survive without breathing.


Message History

The orc warrior hits you with a hand axe of flaming.
* * * LOW HITPOINT WARNING * * *
The orc warrior burns you.
* * * LOW HITPOINT WARNING * * *
Drink which item? (? for menu, Esc to quit)
It was a potion of might.
You feel very mighty all of a sudden.
The orc warrior hits you with a hand axe of flaming.
* * * LOW HITPOINT WARNING * * *
The orc warrior burns you.
Drink which item? (? for menu, Esc to quit)
It was a potion of degeneration.
There was something very wrong with that liquid.
You feel weakened.
You feel dopey.
You feel clumsy. The orc warrior completely misses you.
Drink which item? (? for menu, Esc to quit)
It was a potion of lignification.
You feel woody for a moment.
The orc warrior hits you with a hand axe of flaming.
You die...
Kikubaaqudgha rasps: "You have failed me!
Welcome... oblivion!"

# # .#. ## #.# ##.#
#.#
###...##.#######...
..[........@ooo..$#
#.......#######..#
#.#........# #
#.....##.#
#.#.###.##.#
#.#.###.##.#
#..........#
######.########
#......#


You could see an orc warrior, an orc priest and an orc.

Vanquished Creatures
  A polar bear (D:10)
  A yak (D:9)
  2 hippogriffs
  2 soldier ants (D:8)
  Edmund (D:6)
  Duvessa (D:6)
  2 orc warriors
  2 phantoms
  An ice beast (D:7)
  2 sky beasts (D:5)
  A black bear (D:6)
  4 ogres
  2 wasps (D:8)
  2 centaurs
  Blork the orc (D:6)
  5 giant frogs
  A gnoll sergeant (D:8)
  Dowan (D:6)
  2 scorpions
  4 howler monkeys
  4 crimson imps
  A giant frog zombie (D:5)
  A centaur skeleton (D:4)
  2 jellies (D:7)
  3 hounds
  5 orc priests
  2 iguanas
  A giant frog skeleton (D:6)
  7 orc wizards
  7 worker ants
  A hound zombie (D:8)
  A worker ant zombie (D:8)
  9 adders
  14 gnolls
  2 shadow imps
  5 oozes
  An adder zombie (D:6)
  2 adder skeletons
  6 worms
  4 dart slugs
  2 giant geckos
  40 orcs
  5 bats
  6 giant cockroaches
  7 goblins
  10 hobgoblins
  8 jackals
  6 kobolds
  7 quokkas
  7 ball pythons
  7 giant newts
  2 jackal zombies
  14 rats
237 creatures vanquished.

Vanquished Creatures (others)
  5 plants (D:3)
5 creatures vanquished.

Grand Total: 242 creatures vanquished

Notes
Turn   | Place    | Note
--------------------------------------------------------------
     0 | D:1      | Oddball22 the Vampire Necromancer began the quest for the Orb.
     0 | D:1      | Reached XP level 1. HP: 13/13 MP: 3/3
   288 | D:1      | Reached XP level 2. HP: 17/19 MP: 1/5
  1092 | D:2      | Reached XP level 3. HP: 22/25 MP: 6/6
  1533 | D:2      | Found a shimmering altar of Xom.
  1955 | D:2      | Reached skill level 1 in Fighting
  2524 | D:2      | Reached XP level 4. HP: 24/32 MP: 2/8
  2601 | D:2      | Reached skill level 4 in Stealth
  3306 | D:3      | Found a shattered altar of Ashenzari.
  3364 | D:3      | Reached XP level 5. HP: 30/39 MP: 9/9
  3587 | D:3      | Learned a level 1 spell: Animate Skeleton
  3591 | D:3      | Learned a level 3 spell: Vampiric Draining
  3595 | D:3      | Learned a level 3 spell: Regeneration
  3895 | D:3      | Reached skill level 5 in Stealth
  5412 | D:3      | Reached XP level 6. HP: 41/47 MP: 10/10
  5898 | D:4      | Identified Sif Muna's Collected Works on Frigorific Attacks
  6154 | D:4      | Found a shadowy altar of Dithmenos.
  6414 | D:4      | Reached XP level 7. HP: 32/52 MP: 3/12
  6415 | D:4      | Reached skill level 6 in Stealth
  6786 | D:5      | Entered Level 5 of the Dungeon
  6786 | D:5      | Found an ancient bone altar of Kikubaaqudgha.
  6794 | D:5      | Became a worshipper of Kikubaaqudgha
  6800 | D:5      | Learned a level 4 spell: Animate Dead
  6817 | D:5      | Found a staircase to the Ecumenical Temple.
  6937 | D:5      | Reached skill level 5 in Necromancy
  8871 | D:6      | Noticed Blork the orc
  8875 | D:6      | Killed Blork the orc
  8875 | D:6      | Reached skill level 7 in Stealth
  8938 | D:6      | Reached XP level 8. HP: 40/58 MP: 5/15
  9315 | D:6      | Reached skill level 5 in Dodging
  9315 | D:6      | Reached skill level 5 in Spellcasting
  9379 | D:6      | Learned a level 4 spell: Control Undead
 10213 | D:6      | Reached skill level 8 in Stealth
 10343 | D:6      | Noticed Edmund
 11064 | D:6      | Killed Edmund
 11363 | D:7      | Learned a level 3 spell: Confuse
 11378 | D:7      | Reached skill level 1 in Hexes
 11434 | D:7      | Found an iron altar of Okawaru.
 11444 | D:7      | Reached XP level 9. HP: 64/64 MP: 18/18
 11512 | D:7      | Reached * piety under Kikubaaqudgha
 11512 | D:7      | Received a gift from Kikubaaqudgha
 11515 | D:7      | Identified Kikubaaqudgha's Papyrus of Unholy Magic (Kikubaaqudgha gifted it to you on level 7 of the Dungeon)
 11641 | D:7      | Reached skill level 5 in Hexes
 12369 | D:6      | Reached skill level 9 in Stealth
 12537 | D:6      | Found Ceff's Antique Weapon Emporium.
 12568 | D:6      | Noticed Dowan
 12569 | D:6      | Noticed Duvessa
 12587 | D:6      | Killed Duvessa
 12595 | D:6      | Killed Dowan
 12722 | D:5      | Found a glowing golden altar of the Shining One.
 13332 | D:7      | Reached skill level 10 in Stealth
 13403 | D:7      | Found a burning altar of Makhleb.
 14587 | D:8      | Reached skill level 11 in Stealth
 14593 | D:8      | Reached XP level 10. HP: 70/70 MP: 19/19
 14721 | D:10     | Entered Level 10 of the Dungeon
 14923 | D:10     | HP: 3/70 [orc warrior/hand axe of flaming (3)]
 14925 | D:10     | Slain by an orc warrior

Vault maps used:
D:1:      co_arrival_random_square_maze, minivault_11
D:2:      lemuel_coloured_pillars_altar
D:3:      wad_woods_settlement, lemuel_crystal_altar
D:4:      first_bread, nicolae_dithmenos_shadow_blocks
D:5:      old_standard_altar, lemuel_round_altar,
          minmay_temple_entry_glassed_door, serial_corexii_hall,
          corexii_hall_statues_i, corexii_hall_statues_i
D:6:      serial_shops, kennysheep_little_box, st_stairs_11, uniq_edmund,
          uniq_duvessa, uniq_blork_the_orc
D:7:      old_standard_altar, lemuel_round_altar, enter_ossuary_2
D:8:      hangedman_pestilent_swarm
D:9:      nicolae_qazlal_general_emergency, nicolae_ru_sacrificial_ziggurat,
          serial_ice, serial_ice_f, serial_ice_j, serial_ice_e, serial_ice_o,
          serial_ice_a, evilmike_minifort, uniq_maurice, uniq_gastronok
D:10:     lair_0_dummy, bh_chokoban

Skill      XL: |  1  2  3  4  5  6  7  8  9 10 |
---------------+-------------------------------+-----
Fighting       | 1 2 3 |  3.5
Stealth        | 4 5 7 8 11 | 11.9
Dodging        | 3 4 5 7 |  7.2
Spellcasting   | 3 4 6 7 |  7.1
Necromancy     | 5 6 8 |  8.0
Hexes          | 3 5 |  5.4

Action                   |  1- 3 |  4- 6 |  7- 9 | 10-12 || total
-------------------------+-------+-------+-------+-------++-------
Melee: Short sword       |    26 |       |       |       ||    26
       Unarmed           |     2 |       |       |       ||     2
       Dagger            |    43 |   248 |   861 |    60 ||  1212
       Flail             |       |       |    59 |       ||    59
 Cast: Pain              |    38 |    33 |    61 |       ||   132
       Vampiric Draining |       |       |     8 |     3 ||    11
       Confuse           |       |       |     9 |       ||     9
       Regeneration      |       |       |     1 |       ||     1
 Abil: End Transformatio |       |       |     2 |       ||     2
       Bat Form          |       |       |     2 |       ||     2
  Use: Potion            |     1 |     3 |    17 |     3 ||    24
       Scroll            |       |       |     1 |       ||     1
 Stab: Sleeping          |     5 |    16 |    24 |     2 ||    47
       Distracted        |       |       |     3 |       ||     3
       Confused          |       |       |     5 |       ||     5
